 Dungeon Crawl Stone Soup version 0.29-a0-993-g4a18f31a58 (webtiles) character file.

Game seed: 10550991077846621032

84 Alarak the Conjurer (level 4, -3/24 HPs)
             Began as a Deep Elf Conjurer on Aug 3, 2022.
             Slain by Grinder (4 damage)
             ... on level 3 of the Dungeon.
             The game lasted 00:03:03 (2111 turns).

Alarak the Conjurer (Deep Elf Conjurer)             Turns: 2111, Time: 00:03:03

Health: -3/24      AC:  2    Str:  4    XL:     4   Next: 24%
Magic:  10/10      EV: 12    Int: 25    God:
Gold:   86         SH:  0    Dex: 13    Spells: 8/9 levels left

rFire   . . .      SeeInvis .   j - +1 dagger
rCold   . . .      Faith    .   (no shield)
rNeg    . . .      Spirit   .   a - +0 robe
rPois   .          Reflect  .   (no helmet)
rElec   .          Harm     .   (no cloak)
rCorr   .          Rampage  .   (no gloves)
Will    .....                   (no boots)
Stlth   ++........              (no amulet)
HPRegen 0.08/turn               (no ring)
MPRegen 0.12/turn               (no ring)

@: no status effects
A: no striking features
a: no special abilities


You were on level 3 of the Dungeon.
You visited 1 branch of the dungeon, and saw 3 of its levels.

You collected 86 gold pieces.

Inventory:

Hand Weapons
 j - a +1 dagger (weapon)
Armour
 a - a +0 robe (worn)
Jewellery
 c - a +6 ring of dexterity
Scrolls
 e - 2 scrolls of identify {unknown}
 f - a scroll of noise {unknown}
 i - a scroll of blinking {unknown}
 k - a scroll of brand weapon {unknown}
 l - 2 scrolls of magic mapping
 m - a scroll of silence {unknown}
Potions
 d - a potion of attraction {unknown}
 g - a potion of lignification {unknown}
 h - a potion of resistance {unknown}


   Skills:
 - Level 2.4 Dodging
 - Level 2.4 Stealth
 - Level 3.0 Spellcasting
 - Level 5.0 Conjurations
 + Level 4.4 Hexes


You had 8 spell levels left.
You knew the following spells:

 Your Spells              Type           Power      Damage    Failure   Level
a - Magic Dart            Conj           100%       1d8       1%          1

Your spell library contained the following spells:

 Spells                   Type           Power      Damage    Failure   Level
 Searing Ray              Conj           56%        2d6       1%          2
 Dazzling Flash           Conj/Hex       54%        N/A       4%          3
 Beastly Appendage        Tmut           6%         N/A       10%         1
 Conjure Flame            Conj/Fire      16%        6-21      11%         3
 Fulminant Prism          Conj/Hex       13%        3d9       14%         4
 Wereblood                Tmut           3%         N/A       16%         2
 Ignite Poison            Fire/Tmut/Pois 3%         N/A       30%         3
 Spider Form              Tmut/Pois      3%         N/A       30%         3
 Iskenderun's Mystic Bla  Conj/Tloc      16%        2d5       34%         4
 Sticky Flame             Conj/Fire      16%        2d4       34%         4


Dungeon Overview and Level Annotations

Branches:
Dungeon (3/15)

Altars:

Annotations:
D:3 Grinder


Message History

Grinder hits you.
You writhe in agony.
The magic dart hits Grinder.
Grinder is moderately wounded.
Grinder misses you.
The magic dart hits Grinder.
Grinder is heavily wounded.
Grinder gestures at you. You resist with significant effort.
The magic dart hits Grinder.
Grinder is heavily wounded.
Grinder closely misses you.
The magic dart hits Grinder.
Grinder is heavily wounded.
Grinder barely misses you.
The magic dart hits Grinder.
Grinder is severely wounded.
Grinder hits you.
You writhe in agony.
You are too injured to fight recklessly!
Casting: Magic Dart (safe; 1% risk of failure)
Confirm with . or Enter, or press ? or * to list all spells.
Aiming: Magic Dart (safe; 1% risk of failure)
Press: ? - help, Shift-Dir - straight line, f/p - Grinder
Aim: Grinder (severely wounded, 100% to hit)
The magic dart hits Grinder!
Grinder is severely wounded.
Grinder barely misses you.
Casting: Magic Dart (safe; 1% risk of failure)
Confirm with . or Enter, or press ? or * to list all spells.
Aiming: Magic Dart (safe; 1% risk of failure)
Press: ? - help, Shift-Dir - straight line, f/p - Grinder
Aim: Grinder (severely wounded, 100% to hit)
The magic dart hits Grinder.
Grinder is almost dead.
Grinder hits you.
* * * LOW HITPOINT WARNING * * *
You writhe in agony.
* * * LOW HITPOINT WARNING * * *
Okay, then.
Magic courses through your body. Grinder hits you.
You die...

........#.# #.# #.#.....#.#
#.# #.#.....#.# #.#
#.#.....#.####.########
###.#................)...
...#.##########.########
#.#.##########.############
#.............5...........#
#.############@############
#. #.# #. #.# #ยง #.# #.
#.# #. #.# .. #.# #.#


You could see Grinder.

Vanquished Creatures
  5 adders
  A worm (D:2)
  2 dart slugs (D:1)
  2 endoplasms
  A giant cockroach (D:1)
  A goblin (D:1)
  2 hobgoblins
  7 kobolds
  A quokka (D:1)
  2 ball pythons (D:1)
  2 bats
  4 frilled lizards
  7 rats
37 creatures vanquished.

Notes
Turn   | Place    | Note
-------+----------+-------------------------------------------
     0 | D:1      | Alarak the Deep Elf Conjurer began the quest for the Orb.
     0 | D:1      | Reached XP level 1. HP: 10/10 MP: 6/6
   307 | D:1      | Found a faded altar of an unknown god.
   381 | D:1      | Reached XP level 2. HP: 15/15 MP: 6/8
   451 | D:1      | Reached skill level 5 in Conjurations
   711 | D:1      | Reached skill level 1 in Hexes
  1276 | D:2      | Reached XP level 3. HP: 19/19 MP: 1/9
  1819 | D:2      | Reached XP level 4. HP: 24/24 MP: 5/10
  2070 | D:3      | Noticed Grinder
  2110 | D:3      | HP: 1/24 [Grinder (6)]
  2111 | D:3      | Slain by Grinder

Illustrated notes

Levels and vault maps discovered:
D:1:      lightli_iron_boxes, layout_loops_corners, basic_ecumenical_altar,
          hangedman_decor_growths, minmay_misc_feat_iff
D:2:      layout_rooms, minmay_misc_feat_secret_circle
D:3:      layout_basic, marbit_many_paths, mainiacjoe_overflow_small_starburst,
          serial_park_tiny_pond, hangedman_decor_push, uniq_grinder

Skill      XL: |  1  2  3 |
---------------+----------+-----
Conjurations   | 5 |  5.0
Hexes          | 2 4 |  4.4
Dodging        | |  2.4
Stealth        | |  2.4
Spellcasting   | |  3.0

Action                   |  1- 3 |  4- 6 || total
-------------------------+-------+-------++-------
 Cast: Magic Dart        |    64 |    21 ||    85
  Use: Scroll            |     3 |       ||     3
       Potion            |       |     1 ||     1
Armor: Robe              |       |     1 ||     1
Dodge: Dodged            |       |     6 ||     6

Table legend: (Time is in decaauts)
 A = Elapsed time spent in this place.
 B = Non-inter-level travel time spent in this place.
 C = Inter-level travel time spent in this place.
 D = Time resting spent in this place.
 E = Time spent auto-exploring this place.
 F = Levels seen in this place.
 G = Mean time per level.
                   A        B        C        D        E       F      G
               +--------+--------+--------+--------+--------+-----+--------+
         Total |   2110 |   2032 |     78 |    237 |   1599 |   3 |  703.3 |
       Dungeon |   2110 |   2032 |     78 |    237 |   1599 |   3 |  703.3 |
               +--------+--------+--------+--------+--------+-----+--------+

Top non-repeatable levels by time:
     D:1: 1392 daAuts
     D:2: 600 daAuts
     D:3: 117 daAuts
